PL
TOLEDO STINGERS @ VANCOUVER GREY WOLVES
09/18/2033
 
TOP OF THE 1ST
Toledo Stingers batting - Pitching for Vancouver Grey Wolves : RHP Ray Skipworth
Pitching: RHP Ray Skipworth
Batting: RHB Tamasaburo Kato 0-0: Foul Ball, location: 2F
0-1: Foul Ball, location: 2F
0-2: Ball
1-2: Ball
2-2: Hit by Pitch
Batting: RHB Steve Koch 0-0: Called Strike
0-1: Ball
Wild Pitch!
Tamasaburo Kato to second
1-1: Foul Ball, location: 2F
1-2: Ball
2-2: Ground out 4-3 (Groundball, 34D)
Tamasaburo Kato to third
Batting: RHB Alfredo Martínez 0-0: Called Strike
0-1: Ball
1-1: Ball
2-1: Foul Ball, location: 2F
2-2: Fly out, F8 (Flyball, 8RD)
Runner from 3rd tags up, SCORES, throw made
Batting: LHB Kyoji Hakoda 0-0: Called Strike
0-1: Foul Ball, location: 2F
0-2: Foul Ball, location: 2F
0-2: Ball
1-2: Foul Ball, location: 2F
1-2: Ball
2-2: Ground out 4-3 (Groundball, 4)
Top of the 1st over - 1 run, 0 hits, 0 errors, 0 left on base; Toledo 1 - Vancouver 0
BOTTOM OF THE 1ST
Vancouver Grey Wolves batting - Pitching for Toledo Stingers : LHP Asher Spivey
Pitching: LHP Asher Spivey
Batting: RHB Urs van Munster 0-0: Called Strike
0-1: Ground out 3-1 (Groundball, 34S)
Batting: LHB Preston Witt 0-0: Foul Ball, location: 2F
0-1: Foul Ball, location: 2F
0-2: Ball
1-2: Ball
2-2: Foul Ball, location: 2F
2-2: SINGLE (Groundball, 34D)
Batting: RHB José Jarca 0-0: Ball
Wild Pitch!
Preston Witt to second
1-0: Swinging Strike
1-1: Fly out, F7 (Flyball, 7)
Batting: RHB Hugh Mungus 0-0: Ball
1-0: Ball
2-0: DOUBLE (Line Drive, 7LM)
Preston Witt scores
Batting: RHB Arlen Joysey 0-0: Ball
1-0: Foul Ball, location: 2F
1-1: SINGLE (Line Drive, 3)
Hugh Mungus to third
Runner from 3rd tries for Home, SAFE, no throw
Batting: RHB Wilson Vega 0-0: Called Strike
0-1: Fly out, F7 (Flyball, 7LMF)
Bottom of the 1st over - 2 runs, 3 hits, 0 errors, 1 left on base; Toledo 1 - Vancouver 2
TOP OF THE 2ND
Toledo Stingers batting - Pitching for Vancouver Grey Wolves : RHP Ray Skipworth
Batting: SHB Dylan Carson 0-0: Ball
1-0: Ball
2-0: Swinging Strike
2-1: Fly out, F5 (Popup, 5SF)
Batting: RHB Brett Callison 0-0: Ball
1-0: Swinging Strike
1-1: Ball
2-1: Ball
3-1: Called Strike
3-2: Base on Balls
Batting: SHB Eugene Clutch 0-0: Called Strike
0-1: Ball
1-1: Foul Ball, location: 2F
1-2: Foul Ball, location: 2F
1-2: Foul Ball, location: 2F
1-2: Foul Ball, location: 2F
1-2: Foul Ball, location: 2F
1-2: Ball
2-2: Strikes out swinging
Batting: SHB Ben Boston 0-0: Called Strike
0-1: Foul Ball, location: 2F
0-2: Ball
1-2: Ground out 5-3 (Groundball, 56S)
Top of the 2nd over - 0 runs, 0 hits, 0 errors, 1 left on base; Toledo 1 - Vancouver 2
BOTTOM OF THE 2ND
Vancouver Grey Wolves batting - Pitching for Toledo Stingers : LHP Asher Spivey
Batting: RHB José de la Cavallería 0-0: Ball
1-0: Foul Ball, location: 2F
1-1: Swinging Strike
1-2: Strikes out swinging
Batting: LHB Michael Malloy 0-0: Ball
1-0: Ball
2-0: Ground out 6-3 (Groundball, 6)
Batting: RHB Sixto Estrada 0-0: Ground out 4-3 (Groundball, 4S)
Bottom of the 2nd over - 0 runs, 0 hits, 0 errors, 0 left on base; Toledo 1 - Vancouver 2
TOP OF THE 3RD
Toledo Stingers batting - Pitching for Vancouver Grey Wolves : RHP Ray Skipworth
Batting: RHB Pedro Álvarez 0-0: Called Strike
0-1: Ball
1-1: Ball
2-1: Ball
3-1: Base on Balls
Batting: RHB Tamasaburo Kato 0-0: Foul Ball, location: 2F
0-1: Called Strike
0-2: Strikes out swinging
Batting: RHB Steve Koch 0-0: Ball
1-0: Ball
2-0: Swinging Strike
2-1: Ball
3-1: Foul Ball, location: 2F
3-2: Base on Balls
Pedro Álvarez to second
Batting: RHB Alfredo Martínez 0-0: Foul Ball, location: 2F
0-1: Ball
1-1: Fly out, F8 (Flyball, 8LS)
Batting: LHB Kyoji Hakoda 0-0: Ball
1-0: Ball
2-0: Called Strike
2-1: Ball
3-1: Base on Balls
Pedro Álvarez to third
Steve Koch to second
Batting: SHB Dylan Carson 0-0: Ball
1-0: SINGLE (Flyball, 5D)
Pedro Álvarez scores
Steve Koch to third
Kyoji Hakoda to second
Runner from 3rd tries for Home, SAFE, no throw
Batting: RHB Brett Callison 0-0: Ball
1-0: Called Strike
1-1: Ball
2-1: Ball
3-1: Foul Ball, location: 2F
3-2: DOUBLE (Line Drive, 7LM)
Kyoji Hakoda scores
Dylan Carson to third
Dylan Carson scores
Batting: SHB Eugene Clutch 0-0: Called Strike
0-1: Called Strike
0-2: Fly out, F9 (Flyball, 89S)
Top of the 3rd over - 4 runs, 2 hits, 0 errors, 1 left on base; Toledo 5 - Vancouver 2
BOTTOM OF THE 3RD
Vancouver Grey Wolves batting - Pitching for Toledo Stingers : LHP Asher Spivey
Batting: RHB Urs van Munster 0-0: Ground out 1-3 (Groundball, P)
Batting: LHB Preston Witt 0-0: Called Strike
0-1: Ball
1-1: Ball
2-1: Ball
3-1: Base on Balls
Batting: RHB José Jarca 0-0: Ball
1-0: Ball
2-0: Called Strike
2-1: Foul Ball, location: 2F
2-2: Foul Ball, location: 2F
2-2: Grounds into double play, 6-4-3 (Groundball, 6)
Bottom of the 3rd over - 0 runs, 0 hits, 0 errors, 0 left on base; Toledo 5 - Vancouver 2
TOP OF THE 4TH
Toledo Stingers batting - Pitching for Vancouver Grey Wolves : RHP Ray Skipworth
Batting: SHB Ben Boston 0-0: Ball
1-0: Ball
2-0: Ball
3-0: Base on Balls
Batting: RHB Pedro Álvarez 0-0: Ball
1-0: Ball
2-0: Foul Ball, location: 2F
2-1: Foul Ball, location: 2F
2-2: SINGLE (Groundball, 6D)
Ben Boston to second
Batting: RHB Tamasaburo Kato 0-0: Ball
1-0: Ball
2-0: Ball
3-0: Called Strike
3-1: SINGLE (Line Drive, 78S)
Ben Boston to third
Pedro Álvarez to second
Batting: RHB Steve Koch 0-0: Ball
1-0: Ball
2-0: Reached on error, E3 (Groundball, 3L)
Ben Boston scores
Pedro Álvarez to third
Tamasaburo Kato to second
Pitching: RHP Roy Shively
Batting: RHB Alfredo Martínez 0-0: Swinging Strike
0-1: Called Strike
0-2: Ball
1-2: Strikes out swinging
Batting: LHB Kyoji Hakoda 0-0: Called Strike
0-1: Ball
1-1: Ball
2-1: Foul Ball, location: 2F
2-2: Foul Ball, location: 2F
2-2: Foul Ball, location: 2F
2-2: Foul Ball, location: 2F
2-2: Ball
3-2: Ground out 3-1 (Groundball, 34S)
Pedro Álvarez scores
Tamasaburo Kato to third
Steve Koch to second
Batting: SHB Dylan Carson 0-0: Called Strike
0-1: Foul Ball, location: 2F
0-2: Strikes out swinging
Top of the 4th over - 2 runs, 2 hits, 1 error, 2 left on base; Toledo 7 - Vancouver 2
BOTTOM OF THE 4TH
Vancouver Grey Wolves batting - Pitching for Toledo Stingers : LHP Asher Spivey
Batting: RHB Hugh Mungus 0-0: Called Strike
0-1: Ball
1-1: Ball
2-1: Called Strike
2-2: Foul Ball, location: 2F
2-2: Fly out, F7 (Flyball, 7S)
Batting: RHB Arlen Joysey 0-0: Fly out, F8 (Flyball, 8LM)
Batting: RHB Wilson Vega 0-0: Foul Ball, location: 2F
0-1: Ball
1-1: Fly out, F9 (Flyball, 89M)
Bottom of the 4th over - 0 runs, 0 hits, 0 errors, 0 left on base; Toledo 7 - Vancouver 2
TOP OF THE 5TH
Toledo Stingers batting - Pitching for Vancouver Grey Wolves : RHP Roy Shively
Batting: RHB Brett Callison 0-0: Ball
1-0: Swinging Strike
1-1: Foul Ball, location: 2F
1-2: Ball
2-2: Strikes out swinging
Batting: SHB Eugene Clutch 0-0: Foul Ball, location: 2F
0-1: Called Strike
0-2: Foul Ball, location: 2F
0-2: Ball
1-2: Strikes out swinging
Batting: SHB Ben Boston 0-0: Swinging Strike
0-1: Ball
1-1: Ball
2-1: Ball
3-1: Foul Ball, location: 2F
3-2: Foul Ball, location: 2F
3-2: Strikes out swinging
Top of the 5th over - 0 runs, 0 hits, 0 errors, 0 left on base; Toledo 7 - Vancouver 2
BOTTOM OF THE 5TH
Vancouver Grey Wolves batting - Pitching for Toledo Stingers : LHP Asher Spivey
Batting: RHB José de la Cavallería 0-0: Ball
1-0: Called Strike
1-1: Ball
2-1: Called Strike
2-2: Foul Ball, location: 2F
2-2: Ball
3-2: Ground out 1-3 (Groundball, 13)
Batting: LHB Michael Malloy 0-0: Foul Ball, location: 2F
0-1: Swinging Strike
0-2: SINGLE (Groundball, 4MD)
Batting: RHB Sixto Estrada 0-0: Foul Ball, location: 2F
0-1: Ground out 5-3 (Groundball, 56S)
Michael Malloy to second
Batting: RHB Urs van Munster 0-0: Called Strike
0-1: Ball
Wild Pitch!
Michael Malloy to third
1-1: SINGLE (Line Drive, 9S)
Michael Malloy scores
Batting: LHB Preston Witt 0-0: Called Strike
0-1: Foul Ball, location: 2F
0-2: Ball
1-2: Foul Ball, location: 2F
1-2: Ball
2-2: Ground out U3 (Groundball, 3)
Bottom of the 5th over - 1 run, 2 hits, 0 errors, 1 left on base; Toledo 7 - Vancouver 3
TOP OF THE 6TH
Toledo Stingers batting - Pitching for Vancouver Grey Wolves : RHP Roy Shively
Batting: RHB Pedro Álvarez 0-0: SINGLE (Groundball, 6D)
Batting: RHB Tamasaburo Kato 0-0: Sac Bunt - play at first, batter OUT! 3-4
Pedro Álvarez to second
Batting: RHB Steve Koch 0-0: Swinging Strike
0-1: Swinging Strike
0-2: Ball
1-2: Strikes out swinging
Batting: RHB Alfredo Martínez 0-0: Ball
1-0: Called Strike
1-1: Ball
2-1: Foul Ball, location: 2F
2-2: Foul Ball, location: 2F
2-2: Foul Ball, location: 2F
2-2: Ground out 5-3 (Groundball, 56)
Top of the 6th over - 0 runs, 1 hit, 0 errors, 1 left on base; Toledo 7 - Vancouver 3
BOTTOM OF THE 6TH
Vancouver Grey Wolves batting - Pitching for Toledo Stingers : LHP Asher Spivey
Batting: RHB José Jarca 0-0: Called Strike
0-1: Foul Ball, location: 2F
0-2: Ball
1-2: Foul Ball, location: 2F
1-2: Ground out 5-3 (Groundball, 5)
Batting: RHB Hugh Mungus 0-0: Ball
1-0: Fly out, F6 (Popup, 6D)
Batting: RHB Arlen Joysey 0-0: Called Strike
0-1: Ball
1-1: Called Strike
1-2: Strikes out looking
Bottom of the 6th over - 0 runs, 0 hits, 0 errors, 0 left on base; Toledo 7 - Vancouver 3
TOP OF THE 7TH
Toledo Stingers batting - Pitching for Vancouver Grey Wolves : RHP Roy Shively
Batting: LHB Kyoji Hakoda 0-0: Ball
1-0: Swinging Strike
1-1: Foul Ball, location: 2F
1-2: Ball
2-2: Ball
3-2: Foul Ball, location: 2F
3-2: Foul Ball, location: 2F
3-2: SINGLE (Groundball, 3D)
Batting: SHB Dylan Carson 0-0: Ball
1-0: Called Strike
1-1: Fly out, F7 (Flyball, 7)
Pitching: RHP Kent Clement
Batting: RHB Brett Callison 0-0: Foul Ball, location: 2F
0-1: Foul Ball, location: 2F
0-2: Strikes out swinging
Batting: SHB Eugene Clutch 0-0: Ball
1-0: Called Strike
1-1: Ball
2-1: Ground out 5-3 (Groundball, 56S)
Top of the 7th over - 0 runs, 1 hit, 0 errors, 1 left on base; Toledo 7 - Vancouver 3
BOTTOM OF THE 7TH
Vancouver Grey Wolves batting - Pitching for Toledo Stingers : LHP Asher Spivey
Batting: RHB Wilson Vega 0-0: Fly out, F9 (Flyball, 89M)
Batting: RHB José de la Cavallería 0-0: Ground out 5-3 (Groundball, 56S)
Batting: LHB Michael Malloy 0-0: Called Strike
0-1: Foul Ball, location: 2F
0-2: Ball
1-2: Ball
2-2: Strikes out swinging
Bottom of the 7th over - 0 runs, 0 hits, 0 errors, 0 left on base; Toledo 7 - Vancouver 3
TOP OF THE 8TH
Toledo Stingers batting - Pitching for Vancouver Grey Wolves : RHP Kent Clement
Batting: SHB Ben Boston 0-0: Foul Ball, location: 2F
0-1: Ball
1-1: Ball
2-1: Fly out, F8 (Flyball, 8RS)
Batting: RHB Pedro Álvarez 0-0: Swinging Strike
0-1: Foul Ball, location: 2F
0-2: Ball
1-2: Foul Ball, location: 2F
1-2: Ball
2-2: Ground out 1-3 (Groundball, 13S)
Batting: RHB Tamasaburo Kato 0-0: Ball
1-0: SINGLE (Groundball, 4MD)
Batting: RHB Steve Koch 0-0: Called Strike
0-1: Ball
1-1: Ball
2-1: Ball
3-1: Called Strike
3-2: Fly out, F8 (Line Drive, 78M)
Top of the 8th over - 0 runs, 1 hit, 0 errors, 1 left on base; Toledo 7 - Vancouver 3
BOTTOM OF THE 8TH
Vancouver Grey Wolves batting - Pitching for Toledo Stingers : LHP Asher Spivey
Batting: RHB Sixto Estrada 0-0: TRIPLE (Flyball, 89XD)
Batting: RHB Urs van Munster 0-0: Swinging Strike
0-1: Foul Ball, location: 2F
0-2: SINGLE (Groundball, 6MD)
Sixto Estrada scores
Batting: LHB Preston Witt 0-0: Called Strike
0-1: Ball
1-1: Swinging Strike
1-2: Ball
2-2: Foul Ball, location: 2F
2-2: Foul Ball, location: 2F
2-2: Ball
3-2: SINGLE (Groundball, 56D)
Urs van Munster to second
Urs van Munster to third
Batting: RHB José Jarca 0-0: Foul Ball, location: 2F
0-1: Grounds into double play, 4-6-3 (Groundball, 4)
Urs van Munster scores
Batting: RHB Hugh Mungus 0-0: Called Strike
0-1: Ball
1-1: Ball
2-1: Swinging Strike
2-2: Fly out, F4 (Popup, 23)
Bottom of the 8th over - 2 runs, 3 hits, 0 errors, 0 left on base; Toledo 7 - Vancouver 5
TOP OF THE 9TH
Toledo Stingers batting - Pitching for Vancouver Grey Wolves : RHP Kent Clement
Pitching: LHP Ramón Costello
Batting: RHB Alfredo Martínez 0-0: Swinging Strike
0-1: Swinging Strike
0-2: Strikes out swinging
Batting: LHB Kyoji Hakoda 0-0: Ball
1-0: Foul Ball, location: 2F
1-1: Called Strike
1-2: Ball
2-2: Foul Ball, location: 2F
2-2: SINGLE (Groundball, 34D)
Batting: SHB Dylan Carson 0-0: Swinging Strike
0-1: Called Strike
0-2: SINGLE (Flyball, 89S)
Kyoji Hakoda to second
Runner from 2nd tries for 3rd, SAFE, no throw
Batting: RHB Brett Callison 0-0: Ball
1-0: Foul Ball, location: 2F
1-1: Ball
2-1: Ball
3-1: Called Strike
Pickoff Throw to First - Error! E1
Kyoji Hakoda scores
Dylan Carson to second
3-2: TRIPLE (Flyball, 9D)
Dylan Carson scores
Batting: SHB Eugene Clutch 0-0: Foul Ball, location: 2F
0-1: Fly out, F9 (Flyball, 89M)
Runner from 3rd tags up, SCORES, throw made
Batting: SHB Ben Boston 0-0: Called Strike
0-1: Ball
1-1: Ball
2-1: Foul Ball, location: 2F
2-2: Ball
3-2: Ground out 6-3 (Groundball, 6M)
Top of the 9th over - 3 runs, 3 hits, 1 error, 0 left on base; Toledo 10 - Vancouver 5
BOTTOM OF THE 9TH
Vancouver Grey Wolves batting - Pitching for Toledo Stingers : LHP Asher Spivey
Now at 1B: Héctor Rivera
Batting: RHB Arlen Joysey 0-0: Called Strike
0-1: Ball
1-1: SOLO HOME RUN (Flyball, 78XD), Distance : 387 ft
Pitching: LHP Bill Edmonds
Batting: RHB Wilson Vega 0-0: Swinging Strike
0-1: Ground out 6-3 (Groundball, 6S)
Batting: RHB José de la Cavallería 0-0: SINGLE (Groundball, 56S) (infield hit)
Batting: LHB Michael Malloy 0-0: Foul Ball, location: 2F
0-1: Foul Ball, location: 2F
0-2: SINGLE (Groundball, 3D)
José de la Cavallería to second
Pitching: LHP An Jang-Yop
Batting: RHB Sixto Estrada 0-0: Hit by Pitch
José de la Cavallería to third
Michael Malloy to second
Batting: RHB Urs van Munster 0-0: Grounds into double play, 4-6-3 (Groundball, 4)
Bottom of the 9th over - 1 run, 3 hits, 0 errors, 2 left on base; Toledo 10 - Vancouver 6
Saturday, December 22nd, 2018 - OOTP Baseball 18.8 Build 76